 Dungeon Crawl Stone Soup version 0.24-a0-194-g9bee6eb (webtiles) character file.

Game seed: 7493517940863676849

295 AverageBear the Archer (level 6, 48/48 HPs)
             Began as a Centaur Hunter on Mar 17, 2019.
             Quit the game on level 8 of the Dungeon on Mar 18, 2019.
             The game lasted 00:07:15 (3419 turns).

AverageBear the Archer (Centaur Hunter)             Turns: 3419, Time: 00:07:15

Health: 48/48      AC: 14    Str: 17    XL:     6   Next: 11%
Magic:  6/6        EV:  3    Int: 10    God:
Gold:   81         SH:  0    Dex: 15    Spells: 5/5 levels left

rFire    + . .     SeeInvis .   a - +1 shortbow
rCold    + . .     Gourm    .   (shield currently unavailable)
rNeg     . . .     Faith    .   y - +4 plate armour "Joaseu" {rF+ rC+ Dex+4}
rPois    .         Spirit   .   x - +0 helmet (curse)
rElec    .         Reflect  .   p - +0 cloak
rCorr    .         Harm     .   (no gloves)
MR       .....                  (no barding)
Stlth    ..........             (no amulet)
HPRegen  0.16/turn              g - +2 ring of strength
MPRegen  0.10/turn              (no ring)

@: very quick
A: large, hooves 3, deformed body, speed 2, tough skin 3
a: no special abilities


You were on level 8 of the Dungeon.
You were not hungry.

You visited 1 branch of the dungeon, and saw 6 of its levels.

You collected 81 gold pieces.

Inventory:

Hand Weapons
 a - a +1 shortbow (weapon)
 b - a +0 short sword
 s - a +2 falchion of slicing
 A - the +1 war axe "Impbane" {freeze, +Rage Dex+6}
   (You found it on level 5 of the Dungeon)

   It has been specially enchanted to freeze those struck by it, causing extra
   injury to most foes and up to half again as much damage against particularly
   susceptible opponents.
   It can also slow down cold-blooded creatures.
   It affects your dexterity (+6).
   It lets you go berserk.
Missiles
 d - 19 arrows (quivered)
Armour
 c - a +0 leather armour
 p - a +0 cloak (worn)
 x - a cursed +0 helmet (worn)
 y - the +4 plate armour "Joaseu" (worn) {rF+ rC+ Dex+4}
   (You found it on level 4 of the Dungeon)

   It affects your dexterity (+4).
   It protects you from fire.
   It protects you from cold.
Jewellery
 g - a +2 ring of strength (left hand)
Wands
 r - a wand of random effects (21)
Scrolls
 h - 2 scrolls of remove curse
 i - a scroll of amnesia
 l - a scroll of fear
Potions
 e - 2 potions of heal wounds
 k - a potion of brilliance {unknown}
 m - a potion of ambrosia {unknown}
 q - 2 potions of degeneration {unknown}
 t - a potion of curing {unknown}
 w - a potion of invisibility {unknown}
 z - a potion of haste {unknown}
Comestibles
 f - 8 rations


   Skills:
 - Level 2.0 Fighting
 + Level 9.7 Bows
 - Level 1.3 Dodging
 - Level 0.4 Stealth


You had 5 spell levels left.
You didn't know any spells.
Your spell library was empty.

Dungeon Overview and Level Annotations

Branches:
Dungeon (5/15)
 Temple: D:4-7

Altars:
Dithmenos
Elyvilon
Gozag
Kikubaaqudgha
Makhleb
Qazlal
Zin
The Shining One

Shops:
D:4 ((*

Annotations:
D:4 3 runed translucent doors, Cedruin's ghost, amateur GrGl


Innate Abilities, Weirdness & Mutations

You have hooves in place of feet.
Armour fits poorly on your strangely shaped body.
You cover ground very quickly.
You have extremely tough skin. (AC +3)


Message History

You see here a scale mail.
Some of the chunks of flesh in your inventory have rotted away.
Found a cloak.
A worker ant comes into view.
Found a stone staircase leading down.
There is a stone staircase leading down here.
Found 23 stones.
A bullfrog comes into view.
The bullfrog swells and bulges.
A scorpion comes into view.
All of the chunks of flesh in your inventory have rotted away.
A two-headed ogre comes into view. It is wielding two +0 giant clubs.
The two-headed ogre shouts in stereo!
Really attack while wielding your +1 shortbow? [Y]es or [N]o only, please.
Really attack while wielding your +1 shortbow?
Okay, then.
Unknown command.
Okay, then.
Are you sure you want to abandon this character and quit the game? (Confirm with "yes".)

## .. .# .#
##########.#
#.F...s....#
#@#######..##.##.
#O# #........ #.#
#.####### ..#
#....# ### #.##.#
#.##.# #.##.#
#.##.# # ####.# #


You could see a two-headed ogre, a bullfrog and a scorpion.

Vanquished Creatures
  A crimson imp (D:4)
  A gnoll shaman (D:4)
  A jelly (D:4)
  2 worker ants
  Robin (D:3)
  4 adders
  3 gnolls (D:4)
  An ooze (D:4)
  An adder skeleton (D:4)
  4 worms
  2 leopard geckos
  3 orcs
  3 ball pythons
  6 hobgoblins
  4 jackals (D:3)
  3 kobolds
  3 quokkas
  6 bats
  5 frilled lizards
  8 goblins
  5 rats
67 creatures vanquished.

Notes
Turn   | Place    | Note
-------+----------+-------------------------------------------
     0 | D:1      | AverageBear the Centaur Hunter began the quest for the Orb.
     0 | D:1      | Reached XP level 1. HP: 17/17 MP: 1/1
   409 | D:1      | Reached XP level 2. HP: 24/24 MP: 2/2
   468 | D:1      | Reached skill level 6 in Bows
   499 | D:1      | Upgraded the game from 0.24-a0-189-g5d897e9 to
                  | 0.24-a0-194-g9bee6eb
   820 | D:2      | Reached XP level 3. HP: 22/29 MP: 3/3
   978 | D:2      | Found an ancient bone altar of Kikubaaqudgha.
  1096 | D:2      | Reached skill level 7 in Bows
  1138 | D:2      | Found a burning altar of Makhleb.
  1143 | D:2      | Found a shadowy altar of Dithmenos.
  1697 | D:3      | Found a stormy altar of Qazlal.
  1782 | D:3      | Reached XP level 4. HP: 36/36 MP: 4/4
  2136 | D:3      | Reached skill level 8 in Bows
  2267 | D:3      | Noticed Robin
  2362 | D:3      | Killed Robin
  2731 | D:4      | Reached XP level 5. HP: 36/41 MP: 5/5
  2753 | D:4      | Found Pufedoc's Antique Weapon Shop.
  2770 | D:4      | Found an opulent altar of Gozag.
  2796 | D:4      | Noticed Cedruin's ghost (amateur GrGl)
  2797 | D:4      | Found a runed translucent gate.
  2798 | D:4      | Found a runed translucent gate.
  2799 | D:4      | Found a runed translucent gate.
  2840 | D:4      | Found Atupe's Antique Weapon Shop.
  2908 | D:4      | Got a crude plate armour
  2926 | D:4      | Found Zuiptaboe's Assorted Antiques.
  2938 | D:4      | Identified the +4 plate armour "Joaseu" {rF+ rC+ Dex+4}
                  | (You found it on level 4 of the Dungeon)
  3054 | D:4      | Reached skill level 9 in Bows
  3093 | D:4      | Reached XP level 6. HP: 44/48 MP: 6/6
  3284 | D:4      | Found a glowing golden altar of the Shining One.
  3284 | D:4      | Found a white marble altar of Elyvilon.
  3285 | D:4      | Found a glowing silver altar of Zin.
  3354 | D:5      | Entered Level 5 of the Dungeon
  3362 | D:5      | Got a jewelled war axe
  3363 | D:5      | Identified the +1 war axe "Impbane" {freeze, +Rage Dex+6}
                  | (You found it on level 5 of the Dungeon)
  3369 | D:5      | You fall through a shaft for 3 floors!
  3417 | D:8      | Noticed a two-headed ogre
  3419 | D:8      | Quit the game

Levels and vault maps discovered:
D:1:      minmay_arrival_nine_rooms, layout_rooms, minmay_misc_feat_tower,
          minmay_shallow_snake_nest
D:2:      layout_loops_ring, chequers_temple_overflow_statue_of_worship,
          kiku_gazebo_pond_becter
D:3:      layout_basic, grunt_qazlal_clouds, uniq_robin
D:4:      layout_rooms, good_gods_mini_temple, grunt_gozag_statues,
          first_ration, serial_shops, shop, shop, nicolae_shop_waterfront,
          ebering_ghost_rock_garden
D:5:      layout_loops_ring, minmay_temple_entry_butterflies,
          nicolae_ossuary_entry_ruins, basic_altar
D:8:      minmay_s_stair_smasher, layout_loops_ring, serial_shops,
          kennysheep_mini, uniq_erica

Skill      XL: |  1  2  3  4  5 |
---------------+----------------+-----
Bows           | 6 7 8 9 |  9.7
Fighting       | |  2.0
Dodging        | |  1.3
Stealth        | |  0.4

Action                   |  1- 3 |  4- 6 || total
-------------------------+-------+-------++-------
Melee: Short sword       |     4 |       ||     4
       Kick              |     1 |     4 ||     5
       Falchion          |       |    22 ||    22
 Fire: Shortbow          |   102 |    89 ||   191
  Use: Scroll            |       |     8 ||     8
  Eat: Chunk             |     1 |     4 ||     5
Armor: Leather armour    |    11 |    12 ||    23
       Plate armour      |       |     7 ||     7
Dodge: Dodged            |     9 |    10 ||    19
       Rpst.: Falchion   |       |     2 ||     2

Table legend:
 A = Non-vault XP
 B = Vault XP
 C = Vault XP percentage of total XP
 D = Non-vault monster count
 E = Vault monster count
 F = Vault count percentage of total count
                 A         B        C        D         E       F
            +---------+---------+-------+---------+---------+-------
      Total |     376 |      46 |  10.9 |      56 |      11 |  16.4
            +---------+---------+-------+---------+---------+-------
        D:1 |      12 |      17 |  58.6 |       7 |       3 |  30.0
        D:2 |      45 |       0 |   0.0 |      16 |       0 |   0.0
        D:3 |      90 |      29 |  24.4 |      18 |       8 |  30.8
        D:4 |     229 |       0 |   0.0 |      15 |       0 |   0.0
            +---------+---------+-------+---------+---------+-------
